 Dungeon Crawl Stone Soup version 0.27-a0-1308-gc08437e49b (webtiles) character file.

Game seed: 4013684057659628526

30 mordus the Slasher (level 3, -5/29 HPs)
             Began as a Formicid Abyssal Knight on June 18, 2021.
             Was a Believer of Lugonu.
             Killed from afar by Sigmund (10 damage)
             ... with a puff of flame
             ... on level 2 of the Dungeon.
             The game lasted 00:01:06 (1198 turns).

mordus the Slasher (Formicid Abyssal Knight)        Turns: 1198, Time: 00:01:06

Health: -5/29      AC:  3    Str: 17    XL:     3   Next: 35%
Magic:  4/4        EV: 11    Int: 11    God:    Lugonu [**....]
Gold:   65         SH:  0    Dex: 10    Spells: 2/2 levels left

rFire    . . .     SeeInvis +   a - +1 falchion
rCold    . . .     Faith    .   (no shield)
rNeg     . . .     Spirit   .   b - +0 leather armour
rPois    .         Reflect  .   (helmet unavailable)
rElec    .         Harm     .   (no cloak)
rCorr    .         Rampage  .   (no gloves)
Will     .....                  (no boots)
Stlth    ..........             (no amulet)
HPRegen  0.09/turn              (no ring)
MPRegen  0.09/turn              (no ring)

@: confused
A: permanent stasis, dig shafts and tunnels, antennae 3, four strong arms
a: Dig, Shaft Self, Renounce Religion, Depart the Abyss, Bend Space


You were on level 2 of the Dungeon.
You worshipped Lugonu.
Lugonu was pleased with you.
You visited 1 branch of the dungeon, and saw 2 of its levels.
You visited the Abyss 1 time.

You collected 65 gold pieces.

Inventory:

Hand Weapons
 a - a +1 falchion (weapon)
Armour
 b - a +0 leather armour (worn)
Scrolls
 e - a scroll of magic mapping {unknown}
Potions
 c - a potion of invisibility {unknown}
 d - a potion of resistance {unknown}


   Skills:
 - Level 3.2 Fighting
 * Level 3.4 Long Blades
 - Level 2.4 Armour
 - Level 0.8 Dodging
 - Level 2.1 Invocations


You had 2 spell levels left.
You didn't know any spells.
Your spell library was empty.

Dungeon Overview and Level Annotations

Branches:
Dungeon (2/15)

Altars:

Annotations:
D:2 Sigmund


Innate Abilities, Weirdness & Mutations

You cannot be hasted, slowed, berserked, paralysed or teleported.
You can dig through walls and to a lower floor.
You have a pair of large antennae on your head. (SInv)
Your four strong arms can wield two-handed weapons with a shield.


Message History

No target in view!
Done exploring.
No target in view!
Done exploring.
No target in view!
Done exploring.
(D) Dungeon
Where to? (? - help)
What level of the Dungeon? (default 1, ? - help)
You see here a +0 club.
There is a stone staircase leading down here.
You climb downwards.
Sigmund the Dreaded comes into view.
He is wielding a +1 vampiric scythe.
Sigmund shouts!
There is a stone staircase leading up here.
Sigmund is nearby!
You hit Sigmund.
Sigmund is lightly wounded.
Sigmund hits you with a +1 vampiric scythe!
Sigmund draws strength from your wounds!
Space bends around you!
You blink.
Sigmund casts a spell.
Sigmund flickers and vanishes for a moment.
Sigmund points at you and mumbles some strange words.
The magic dart hits you. Sigmund gestures at you while chanting.
You are confused.
You bump into the rock wall.
You bump into the rock wall.
You bump into the rock wall.
Sigmund casts a spell at you.
You are more confused.
You bump into the rock wall.
You bump into the rock wall.
Sigmund hits you from afar with a +1 vampiric scythe!
* * * LOW HITPOINT WARNING * * *
You're too confused to move!
Sigmund gestures at you while chanting. The puff of flame hits you!
You die...

###########
#@.@......#
#.#######.#
#####.#....##.#
.......<...##@#
.####.#.#..##.#
#.....@...#
###.#...###
#.##.## #.##.#


You could see Sigmund (invisible).

Vanquished Creatures
  A dart slug (D:1)
  3 bats (D:1)
  4 endoplasms (D:1)
  A giant cockroach (D:1)
  2 jackals (D:1)
  6 kobolds (D:1)
  2 quokkas (D:1)
  5 rats (D:1)
24 creatures vanquished.

Notes
Turn   | Place    | Note
-------+----------+-------------------------------------------
     0 | Abyss:1  | mordus the Formicid Abyssal Knight began the quest for the
                  | Orb.
     0 | Abyss:1  | Reached XP level 1. HP: 18/18 MP: 2/2
    25 | D:1      | Escaped the Abyss
   188 | D:1      | Reached XP level 2. HP: 24/24 MP: 3/3
   679 | D:1      | Reached XP level 3. HP: 27/29 MP: 4/4
   868 | D:1      | Reached ** piety under Lugonu
  1175 | D:2      | Noticed Sigmund
  1198 | D:2      | Killed from afar by Sigmund

Illustrated notes

Levels and vault maps discovered:
D:1:      dpeg_arrival_lava_temple_mockup, layout_basic, nrook_uturn
D:2:      layout_loops_corners, serial_shops, nicolae_shop_statue_plus,
          uniq_crazy_yiuf_cottage, uniq_sigmund, uniq_jessica

Skill      XL: |  1  2 |
---------------+-------+-----
Long Blades    | 3 |  3.4
Fighting       | |  3.2
Armour         | |  2.4
Dodging        | |  0.8
Invocations    | |  2.1

Action                   || total
-------------------------++-------
Melee: Falchion          ||    51
Invok: Bend Space        ||     1
Armor: Leather armour    ||    23
Dodge: Dodged            ||    38
       Rpst.: Falchion   ||     8

Table legend: (Time is in decaauts)
 A = Elapsed time spent in this place.
 B = Non-inter-level travel time spent in this place.
 C = Inter-level travel time spent in this place.
 D = Time resting spent in this place.
 E = Time spent auto-exploring this place.
 F = Levels seen in this place.
 G = Mean time per level.
                   A        B        C        D        E       F      G
               +--------+--------+--------+--------+--------+-----+--------+
         Total |   1205 |   1172 |     33 |    160 |    865 |   3 |  401.7 |
       Dungeon |   1180 |   1147 |     33 |    160 |    850 |   2 |  590.0 |
         Abyss |     25 |     25 |      0 |      0 |     15 |   1 |   25.0 |
               +--------+--------+--------+--------+--------+-----+--------+

Top non-repeatable levels by time:
     D:1: 1157 daAuts
 Abyss:1: 25 daAuts
     D:2: 23 daAuts
